 Dungeon Crawl Stone Soup version 0.28-a0-984-g3775c662fe (webtiles) character file.

Game seed: 18254285822817888735

272 voltaire321 the Chopper (level 6, -4/47 HPs)
             Began as a Demonspawn Gladiator on Dec 3, 2021.
             Slain by an iguana (11 damage)
             ... on level 4 of the Dungeon.
             The game lasted 00:08:05 (4652 turns).

voltaire321 the Chopper (Demonspawn Gladiator)      Turns: 4652, Time: 00:08:05

Health: -4/47      AC:  9    Str: 17    XL:     6   Next: 2%
Magic:  6/6        EV: 12    Int:  9    God:
Gold:   203        SH:  0    Dex: 14    Spells: 5/5 levels left

rFire   . . .      SeeInvis .   a - +0 war axe
rCold   . . .      Faith    .   (no shield)
rNeg    . . .      Spirit   .   n - +0 ring mail
rPois   .          Reflect  .   (helmet restricted)
rElec   .          Harm     .   o - +0 cloak
rCorr   .          Rampage  .   (no gloves)
Will    .....                   b - +0 pair of boots
Stlth   +.........              (no amulet)
HPRegen 0.15/turn               (no ring)
MPRegen 0.10/turn               (no ring)

@: no status effects
A: horns 2, icy blue scales 1, powered by death 1
a: no special abilities


You were on level 4 of the Dungeon.
You visited 1 branch of the dungeon, and saw 4 of its levels.

You collected 203 gold pieces.

Inventory:

Hand Weapons
 a - a +0 war axe (weapon)
Missiles
 d - 3 throwing nets
 i - 34 poisoned darts (quivered)
Armour
 b - a +0 pair of boots (worn)
 n - a +0 ring mail (worn)
 o - a +0 cloak (worn)
Jewellery
 c - a ring of flight
Scrolls
 g - a scroll of fog
 m - a scroll of magic mapping {unknown}
Potions
 e - 2 potions of resistance {unknown}
 h - a potion of curing {unknown}
 j - a potion of attraction {unknown}
 k - a potion of heal wounds {unknown}


   Skills:
 + Level 3.3 Fighting
 + Level 3.6 Axes
 + Level 3.0 Throwing
 + Level 2.0 Armour
 + Level 3.6 Dodging


You had 5 spell levels left.
You didn't know any spells.
Your spell library was empty.

Dungeon Overview and Level Annotations

Branches:
Dungeon (4/15)
 Temple: D:4-7

Altars:
Sif Muna

Annotations:
D:3 1 runed translucent door, Crazy Yiuf


Innate Abilities, Weirdness & Mutations

You have a pair of horns on your head.
You are partially covered in icy blue scales. (AC +2)
You regenerate a little health from kills.


Message History

Your demonic ancestry asserts itself...
The horns on your head grow some more.
Found 9 gold pieces.
You now have 194 gold pieces (gained 6).
You now have 203 gold pieces (gained 9).
An iguana comes into view.
The iguana hisses angrily.
The iguana bites you!
You closely miss the iguana. The iguana bites you.
You barely miss the iguana. The iguana bites you. The iguana bites you!
You closely miss the iguana. The iguana bites you.
You barely miss the iguana.
The iguana bites you but does no damage.
You hit the iguana but do no damage. You headbutt the iguana.
The iguana is moderately wounded.
The iguana barely misses you. The iguana misses you.
You closely miss the iguana. Your headbutt misses the iguana.
The iguana is moderately wounded.
The iguana closely misses you.
You barely miss the iguana.
The iguana is moderately wounded.
The iguana closely misses you.
You closely miss the iguana.
The iguana is moderately wounded.
The iguana barely misses you.
You hit the iguana.
The iguana is heavily wounded.
The iguana bites you! The iguana closely misses you.
You slash the iguana!
The iguana is almost dead.
The iguana bites you.
* * * LOW HITPOINT WARNING * * *
You hit the iguana but do no damage.
The iguana is almost dead.
The iguana bites you.
* * * LOW HITPOINT WARNING * * *
You barely miss the iguana.
The iguana is almost dead.
The iguana bites you!
You die...

##### #...####
#.#....#
#...##.#
##.###.# #.#
#@# ## #.# #l#
.. #.# #.# .#
#.##.# ... .#
#.##.# ...
.#####
#.##.##...#
.....#
#.##.######
.###.####.##.#
.###.........#


You could see an iguana.

Vanquished Creatures
  2 hounds (D:3)
  A centaur skeleton (D:4)
  An orc priest (D:4)
  An iguana (D:4)
  2 adders
  An adder skeleton (D:4)
  4 worms
  3 dart slugs
  5 orcs
  5 endoplasms
  6 giant cockroaches
  13 goblins
  6 hobgoblins
  5 quokkas
  5 ball pythons
  8 bats
  4 frilled lizards
  4 kobolds
  6 rats
82 creatures vanquished.

Notes
Turn   | Place    | Note
-------+----------+-------------------------------------------
     0 | D:1      | voltaire321 the Demonspawn Gladiator began the quest for
                  | the Orb.
     0 | D:1      | Reached XP level 1. HP: 16/16 MP: 1/1
   261 | D:1      | Gained mutation: You have a pair of small horns on your
                  | head. [demonic ancestry]
   261 | D:1      | Reached XP level 2. HP: 22/22 MP: 2/2
   552 | D:1      | Gained mutation: You regenerate a little health from kills.
                  | [demonic ancestry]
   552 | D:1      | Reached XP level 3. HP: 15/28 MP: 3/3
   973 | D:1      | Reached skill level 1 in Armour
  1685 | D:2      | Found a shimmering blue altar of Sif Muna.
  2437 | D:3      | Reached XP level 4. HP: 34/34 MP: 4/4
  3076 | D:3      | Found a runed translucent door.
  3077 | D:3      | Noticed Crazy Yiuf
  3891 | D:3      | Gained mutation: You are partially covered in icy blue
                  | scales. (AC +2) [demonic ancestry]
  3891 | D:3      | Reached XP level 5. HP: 32/41 MP: 5/5
  4498 | D:4      | Noticed a necrophage
  4610 | D:4      | Gained mutation: You have a pair of horns on your head.
                  | [demonic ancestry]
  4610 | D:4      | Reached XP level 6. HP: 47/47 MP: 6/6
  4652 | D:4      | Slain by an iguana

Illustrated notes

Levels and vault maps discovered:
D:1:      mushboom_english_gardens, layout_loops_ring
D:2:      layout_basic, serial_rivers, chequers_serial_rivers_large_b,
          chequers_serial_rivers_micro_d, chequers_serial_rivers_micro_c,
          chequers_serial_rivers_marsh, chequers_serial_rivers_micro_e,
          basic_altar
D:3:      layout_basic, kennysheep_another_room, uniq_crazy_yiuf_cottage
D:4:      layout_loops_ring, minmay_misc_feat_pillars

Skill      XL: |  1  2  3  4  5 |
---------------+----------------+-----
Throwing       | 2 3 |  3.0
Dodging        | 3 |  3.6
Axes           | 3 |  3.6
Armour         | 1 2 |  2.0
Fighting       | 3 |  3.3

Action                   |  1- 3 |  4- 6 || total
-------------------------+-------+-------++-------
Melee: War axe           |   133 |    96 ||   229
       Headbutt          |    11 |    25 ||    36
Throw: Dart              |       |     8 ||     8
  Use: Scroll            |       |     4 ||     4
 Stab: Sleeping          |     3 |       ||     3
Armor: Leather armour    |    52 |       ||    52
       Ring mail         |       |    28 ||    28
Dodge: Dodged            |   119 |    81 ||   200

Table legend: (Time is in decaauts)
 A = Elapsed time spent in this place.
 B = Non-inter-level travel time spent in this place.
 C = Inter-level travel time spent in this place.
 D = Time resting spent in this place.
 E = Time spent auto-exploring this place.
 F = Levels seen in this place.
 G = Mean time per level.
                   A        B        C        D        E       F      G
               +--------+--------+--------+--------+--------+-----+--------+
         Total |   4762 |   4439 |    323 |    715 |   2814 |   4 | 1190.5 |
       Dungeon |   4762 |   4439 |    323 |    715 |   2814 |   4 | 1190.5 |
               +--------+--------+--------+--------+--------+-----+--------+

Top non-repeatable levels by time:
     D:3: 1821 daAuts
     D:2: 1176 daAuts
     D:1: 1067 daAuts
     D:4: 696 daAuts
